cohdb
Replays
Latest Replays
All Replays
Popular Replays
Top Player Replays
Match Explorer
How It Works
Community
CoH3 Stats
Reddit
Sign in to upload your games and track your stats! →
Sign in with Steam
Match 41436113
Unlisted
Match 41436113
Overview
Messages
Build Orders
End
Vickers Machine Gun Team
Construct Section Command Post
Dingo Light Scout Car
Infantry Section
Construct Platoon Command Post
Infantry Section
Unlock M3 Stuart Light Tanks
M3 Stuart Light Tank
ML 3-inch Mortar Team
Infantry Section
Selects Air and Sea Battlegroup
Selects Commando Section Paradrop
Commando Section Paradrop
Construct Company Command Post
Selects Commando Support Section Paradrop
Commando Support Section Paradrop
Unlock M3 Grant Medium Tanks
M3 Grant Medium Tank
Commando Section Paradrop
M3 Grant Medium Tank
Derlis
gran reino
Pyr0s
Ruru
Dragobyte
zorro717
0
0
Comments
sign in to comment!
No comments posted yet!